 Dungeon Crawl Stone Soup version 0.24-a0-251-g44e327e (webtiles) character file.

Game seed: 3876105549336222660

16 vorskei the Magician (level 2, 0/15 HPs)
             Began as a Deep Elf Wizard on Apr 17, 2019.
             Succumbed to an adder's poison
             ... on level 3 of the Dungeon.
             The game lasted 00:05:31 (681 turns).

vorskei the Magician (Deep Elf Wizard)               Turns: 681, Time: 00:05:31

Health: 0/15       AC:  2    Str:  4    XL:     2   Next: 41%
Magic:  2/9        EV: 12    Int: 22    God:
Gold:   92         SH:  5    Dex: 13    Spells: 5/10 levels left

rFire    . . .     SeeInvis .   (no weapon)
rCold    . . .     Gourm    .   e - +2 buckler
rNeg     . . .     Faith    .   a - +0 robe
rPois    .         Spirit   .   b - +0 hat
rElec    .         Reflect  .   (no cloak)
rCorr    .         Harm     .   (no gloves)
MR       .....                  (no boots)
Stlth    ++........             (no amulet)
HPRegen  0.05/turn              (no ring)
MPRegen  0.11/turn              (no ring)

@: lethally poisoned (0 -> -13), very slightly contaminated
A: no striking features
a: no special abilities


You were on level 3 of the Dungeon.
You were not hungry.

You visited 1 branch of the dungeon, and saw 3 of its levels.

You collected 92 gold pieces.

Inventory:

Hand Weapons
 h - a +0 dagger
Missiles
 k - 23 bolts
 o - 23 stones (quivered)
 p - 12 arrows
Armour
 a - a +0 robe (worn)
 b - a +0 hat (worn)
 e - a +2 buckler (worn)
Scrolls
 c - a scroll of enchant armour {unknown}
 i - a scroll of amnesia {unknown}
 j - a scroll of fear {unknown}
Potions
 f - a potion of cancellation {unknown}
 g - 3 potions of heal wounds {unknown}
 m - a potion of might {unknown}
 n - 2 potions of curing {unknown}
Comestibles
 d - 3 rations
 l - 4 chunks of flesh


   Skills:
 - Level 2.8 Dodging
 - Level 2.9 Stealth
 + Level 4.7 Spellcasting
 - Level 1.6 Conjurations
 - Level 1.1 Summonings
 - Level 1.1 Translocations


You had 5 spell levels left.
You knew the following spells:

 Your Spells              Type           Power        Failure   Level  Hunger
a - Blink                 Tloc           N/A          17%         2    None
q - Magic Dart            Conj           ##..         9%          1    None
s - Call Imp              Summ           ##......     17%         2    None

Your spell library contained the following spells:

 Spells                   Type           Power        Failure   Level  Hunger
 Slow                     Hex            #.......     26%         2    None
 Conjure Flame            Conj/Fire      #.......     36%         3    ##.....
 Mephitic Cloud           Conj/Pois/Air  #.......     38%         3    ##.....


Dungeon Overview and Level Annotations

Branches:
Dungeon (3/15)

Altars:

Annotations:
D:3 Grinder


Message History

Found a scroll labeled XITWAIMAHO.
The adder barely misses you.
Found a stone staircase leading up.
There is a stone staircase leading down here.
* * * LOW HITPOINT WARNING * * *
You feel sick. The adder bites you.
* * * LOW HITPOINT WARNING * * *
You are more poisoned.
The adder poisons you! The adder closely misses you.
You climb downwards.
A frilled lizard, a quokka, a worm, 3 orcs and Grinder come into view.
* * * LOW HITPOINT WARNING * * *
You feel sick.
Found a trident and a robe.
There is a stone staircase leading up here.
Unknown command.
Unknown command.
* * * LOW HITPOINT WARNING * * *
You feel sick.
You die...

############
##o...[.....##
##..oo........##
#..............#
#..............#.#
#......@.S<.w....#
#...).............
#.................
##.........5..##..
##....l......# .
#########r#.# ...#
#..#


You could see Grinder, a worm, an adder, 3 orcs, a quokka (sleeping) and a
frilled lizard (sleeping).

Vanquished Creatures
  A dart slug (D:1)
  A leopard gecko (D:1)
  A bat (D:1)
  A goblin (D:1)
  4 jackals (D:1)
  A frilled lizard (D:1)
9 creatures vanquished.

Vanquished Creatures (collateral kills)
  A giant cockroach (D:2)
  A bat (D:2)
  A frilled lizard (D:2)
  A kobold (D:2)
4 creatures vanquished.

Grand Total: 13 creatures vanquished

Notes
Turn   | Place    | Note
-------+----------+-------------------------------------------
     0 | D:1      | vorskei the Deep Elf Wizard began the quest for the Orb.
     0 | D:1      | Reached XP level 1. HP: 10/10 MP: 7/7
   365 | D:1      | Reached XP level 2. HP: 14/15 MP: 7/9
   613 | D:1      | Learned a level 2 spell: Blink
   616 | D:1      | Learned a level 2 spell: Call Imp
   678 | D:3      | Noticed Grinder
   681 | D:3      | Succumbed to an adder's poison

Levels and vault maps discovered:
D:1:      dpeg_arrival_rooms_c, layout_rooms
D:2:      layout_rooms, minmay_overflow_temple_star_quad, serial_rivers,
          chequers_serial_rivers_room_a, chequers_serial_rivers_marsh,
          chequers_serial_rivers_large_a, chequers_serial_rivers_small_b,
          first_ration, hangedman_glass_teeth, minmay_domino_2
D:3:      layout_rooms, nicolae_qazlal_general_emergency,
          nicolae_overflow_hidden_temple, minmay_statues_item, uniq_robin,
          uniq_grinder, uniq_natasha, uniq_sigmund

Action                   || total
-------------------------++-------
Melee: Unarmed           ||     5
 Cast: Magic Dart        ||    28
       Call Imp          ||     3
Armor: Robe              ||     9
Dodge: Dodged            ||    28
Block: Buckler           ||    16

Table legend:
 A = Non-vault XP
 B = Vault XP
 C = Vault XP percentage of total XP
 D = Non-vault monster count
 E = Vault monster count
 F = Vault count percentage of total count
                 A         B        C        D         E       F
            +---------+---------+-------+---------+---------+-------
      Total |      24 |       0 |   0.0 |      13 |       0 |   0.0
            +---------+---------+-------+---------+---------+-------
        D:1 |      20 |       0 |   0.0 |       9 |       0 |   0.0
        D:2 |       4 |       0 |   0.0 |       4 |       0 |   0.0
            +---------+---------+-------+---------+---------+-------
